cohdb
Replays
Latest Replays
All Replays
Popular Replays
Top Player Replays
Match Explorer
How It Works
Community
CoH3 Stats
Reddit
Sign in to upload your games and track your stats! →
Sign in with Steam
Match 40958926
Unlisted
Match 40958926
Overview
Messages
Build Orders
End
Royal Engineer Section
Construct Section Command Post
Infantry Section
Vickers Machine Gun Team
Infantry Section
Construct Platoon Command Post
CMP 15cwt Truck
Construct Field Infirmary
Selects Indian Artillery Battlegroup
Selects Valour
Selects Gurkha Rifles Section
Gurkha Rifles Section
Royal Engineer Section
Unlock M3 Stuart Light Tanks
Grenade Package
Construct Company Command Post
Selects Volunteer Infantry
Matilda II Heavy Tank
Selects Artillery Saturation
Crusader II Medium Tank
只愛❤毛妹
Jmoortba
0
0
Comments
sign in to comment!
No comments posted yet!